Map: Taito Citadel LE

Players

bikez - Winner!

  • Race: Protoss Protoss
  • League: Gold
  • Spawn Location: 5:00

SCIInewby

  • Race: Protoss Protoss
  • League: Master
  • Spawn Location: 11:00

VOD

Have the link to the VOD?

Description

Time

  • Played on: Feb. 10, 2026, 2:47 p.m.
  • Length: 14:33
Show
View Real Time Build Order
Export as new Build Order

bikez Protoss - Winner!

Build Orders: Carriers 

Get SALT Encoding   

  1  0:00  Probe  
  12  0:06  Probe  
  14  0:15  Probe  
  15  0:23  Pylon  
  15  0:41  Probe  
  16  0:48  Forge  
  16  0:53  Probe  
  17  1:04  Probe  
  18  1:12  Probe  
  19  1:19  Gateway  
  19  1:20  Probe  
  19  1:24  Photon Cannon  
  20  1:32  Probe  
  21  1:44  Probe  
  22  1:53  Nexus  
  22  1:56  Assimilator  
  22  1:58  Pylon  
  22  2:00  Probe  
  23  2:12  Probe  
  23  2:21  Probe  
  23  2:22  Assimilator  
  24  2:29  Cybernetics Core  
  25  2:35  Photon Cannon  
  25  2:50  Assimilator  
  25  2:54  Probe  
  26  3:07  Probe  
  27  3:22  Stargate  
  27  3:30  Nexus  
  27  3:33  Shield Battery  
  27  3:35  Pylon  
  27  3:39  Photon Cannon  
  27  3:46  Assimilator x2, Protoss Ground Weapons Level 1  
  27  3:51  Probe x2  
  29  4:03  Probe x2  
  29  4:07  Pylon  
  31  4:15  Probe  
  32  4:20  Stalker  
  32  4:23  Void Ray  
  38  4:25  Probe  
  38  4:28  Probe  
  40  4:34  Probe  
  40  4:36  Probe  
  41  4:44  Probe  
  42  4:49  Photon Cannon  
  43  4:53  Shield Battery, Probe  
  43  4:54  Probe  
  45  5:01  Probe  
  45  5:02  Probe  
  47  5:10  Probe  
  47  5:11  Probe  
  49  5:18  Protoss Air Weapons Level 1, Probe  
  49  5:23  Probe  
  49  5:28  Stalker, Probe, Pylon  
  51  5:35  Probe  
  55  5:37  Fleet Beacon  
  55  5:40  Probe  
  56  5:43  Cybernetics Core  
  56  5:50  Stargate  
  56  5:51  Pylon  
  56  5:55  Pylon  
  56  6:01  Probe  
  57  6:13  Probe, Photon Cannon  
  57  6:18  Shield Battery  
  58  6:20  Protoss Shields Level 1  
  58  6:33  Twilight Council  
  58  6:35  Pylon  
  58  6:41  Protoss Air Armor Level 1  
  58  6:42  Carrier  
  58  6:45  Carrier  
  70  6:57  Probe  
  70  6:58  Probe x2  
  73  7:06  Assimilator  
  73  7:10  Probe x3  
  76  7:17  Resonating Glaives  
  76  7:22  Probe x2, Forge  
  78  7:27  Forge  
  78  7:30  Pylon  
  78  7:31  Robotics Facility  
  78  7:32  Protoss Air Weapons Level 2  
  78  7:34  Pylon, Photon Cannon  
  78  7:43  Probe  
  80  7:44  Probe x2  
  81  7:54  Carrier  
  81  7:55  Probe  
  81  7:56  Protoss Ground Armor Level 1, Probe x2  
  90  8:00  Protoss Ground Weapons Level 2  
  90  8:04  Unknown, Flux Vanes  
  90  8:08  Probe x2  
  92  8:29  Photon Cannon  
  92  8:30  Photon Cannon  
  92  8:33  Photon Cannon  
  92  8:37  Stargate  
  92  8:40  Stargate  
  92  8:52  Carrier  
  92  8:53  Observer  
  99  8:57  Blink  
  99  9:02  Nexus  
  99  9:04  Protoss Air Armor Level 2  
  99  9:05  Assimilator  
  99  9:07  Assimilator  
  99  9:09  Carrier  
  105  9:19  Stargate  
  105  9:20  Stargate  
  105  9:26  Observer  
  106  9:31  Protoss Shields Level 2  
  106  9:41  Tempest  
  110  10:02  Pylon  
  110  10:07  Pylon  
  110  10:10  Probe x3  
  113  10:15  Probe  
  113  10:21  Carrier  
  120  10:22  Probe x3  
  120  10:24  Carrier  
  120  10:28  Probe, Stargate  
  130  10:30  Stargate  
  130  10:33  Shield Battery  
  130  10:34  Probe x2  
  130  10:35  Probe  
  133  10:41  Shield Battery  
  133  10:43  Pylon  
  133  10:46  Photon Cannon  
  133  10:59  Carrier  
  133  11:01  Tempest  
  143  11:17  Protoss Air Weapons Level 3  
  143  11:28  Protoss Ground Armor Level 2  
  143  11:30  Protoss Ground Weapons Level 3  
  143  11:38  Tempest  
  147  11:43  Tempest  
  151  11:54  Protoss Air Armor Level 3  
  151  12:09  Carrier x2  
  153  12:46  Pylon  
  153  12:47  Pylon  
  153  13:05  Tempest x2  
  161  13:24  Nexus  
  161  13:31  Pylon  
  161  13:33  Pylon  
  161  13:34  Pylon  
  161  13:35  Pylon  
  161  13:37  Pylon x2  
  161  13:39  Pylon x2  
  161  13:41  Pylon x2  
  161  13:48  Tempest  
Show
View Real Time Build Order
Export as new Build Order

SCIInewby Protoss 

Build Orders: 1 Gate Expand 

Get SALT Encoding   

  12  0:00  Probe  
  13  0:14  Probe  
  13  0:19  Pylon  
  14  0:27  Probe  
  15  0:39  Gateway  
  15  0:40  Probe  
  16  0:48  Assimilator  
  16  0:52  Probe  
  17  1:05  Probe  
  18  1:17  Probe  
  19  1:31  Nexus  
  20  1:32  Probe  
  20  1:44  Probe  
  21  1:57  Probe  
  21  1:58  Cybernetics Core  
  21  1:59  Pylon  
  21  2:13  Forge  
  21  2:24  Pylon, Probe  
  21  2:29  Assimilator  
  22  2:35  Zealot  
  24  2:45  Probe x2  
  26  2:52  Photon Cannon  
  26  2:57  Probe x2  
  28  2:59  Warp Gate  
  28  3:02  Protoss Ground Weapons Level 1  
  28  3:06  Pylon  
  28  3:09  Probe  
  28  3:10  Pylon  
  28  3:12  Probe  
  30  3:21  Probe  
  31  3:32  Gateway  
  31  3:35  Probe x2  
  31  3:36  Pylon  
  33  3:43  Probe  
  33  3:44  Assimilator  
  33  3:46  Assimilator  
  34  3:57  Twilight Council  
  34  4:00  Probe x2, Pylon  
  36  4:12  Probe x2  
  36  4:15  Gateway  
  38  4:24  Probe x2  
  38  4:25  Gateway  
  38  4:29  Gateway  
  38  4:30  Charge  
  40  4:33  Probe  
  40  4:37  Probe  
  42  4:42  Probe  
  42  4:49  Probe  
  42  4:51  Stargate  
  44  4:52  Stargate  
  44  4:54  Zealot  
  46  5:01  Probe, Stalker  
  49  5:07  Protoss Shields Level 1  
  49  5:20  Probe x2  
  51  5:29  Zealot x4  
  51  5:30  Zealot  
  61  5:46  Nexus  
  61  5:50  Pylon  
  61  5:52  Zealot  
  61  5:53  Pylon  
  63  6:11  Fleet Beacon  
  63  6:14  Pylon  
  63  6:16  Pylon  
  63  6:20  Probe x2  
  63  6:21  Protoss Air Armor Level 1  
  65  6:27  Photon Cannon  
  65  6:32  Probe x2, Photon Cannon  
  67  6:35  Assimilator  
  67  6:44  Probe  
  68  6:51  Dark Shrine, Probe  
  69  6:56  Probe x2  
  69  6:59  Pylon, Probe  
  72  7:08  Probe  
  72  7:09  Carrier  
  79  7:16  Carrier  
  79  7:20  Probe  
  79  7:21  Zealot  
  79  7:22  Zealot  
  90  7:27  Zealot  
  90  7:28  Zealot  
  94  7:30  Zealot  
  94  7:31  Protoss Ground Armor Level 1  
  94  7:32  Probe  
  97  7:39  Probe  
  97  7:42  Probe  
  99  7:44  Robotics Facility  
  99  7:45  Probe  
  99  7:46  Robotics Facility  
  100  7:55  Probe  
  99  8:12  Phoenix  
  85  8:17  Phoenix  
  85  8:19  Stalker  
  91  8:28  Assimilator, Stalker x2  
  91  8:29  Phoenix  
  91  8:32  Stalker  
  97  8:35  Phoenix  
  99  8:45  Anion Pulse-Crystals  
  101  8:52  Photon Cannon  
  101  8:53  Phoenix  
  101  8:55  Photon Cannon, Stalker  
  103  8:56  Stalker x2  
  103  9:00  Phoenix  
  111  9:16  Nexus  
  111  9:23  Protoss Shields Level 2  
  111  9:27  Stalker x3  
  111  9:28  Stalker x2  
  121  9:34  Assimilator  
  121  9:35  Immortal, Assimilator  
  121  9:36  Pylon  
  125  9:38  Pylon  
  125  9:42  Immortal  
  129  9:50  Blink  
  129  9:53  Zealot  
  129  9:54  Zealot x2  
  129  9:55  Zealot x2  
  139  10:15  Zealot x4  
  139  10:16  Zealot  
  149  10:38  Stalker x2  
  149  10:39  Stalker  
  155  10:42  Shadow Stride  
  155  10:44  Dark Templar  
  155  10:46  Pylon  
  157  10:54  Carrier  
  163  11:00  Pylon  
  163  11:01  Probe x3  
  163  11:02  Probe  
  167  11:10  Photon Cannon  
  167  11:12  Photon Cannon  
  167  11:13  Pylon, Probe  
  168  11:20  Stalker x2  
  168  11:21  Zealot  
  174  11:28  Immortal  
  178  11:35  Immortal  
  176  11:57  Zealot x5  
  132  12:34  Stalker x5  
  134  12:40  Phoenix x2  
  132  12:48  Carrier  
  132  12:49  Carrier  
  116  12:57  Stalker x3  
  116  12:58  Stalker x2  
  115  13:11  Immortal x2  
  119  13:24  Stalker, Photon Cannon, Dark Templar  
  119  13:26  Photon Cannon  
  123  13:31  Stalker x2  
  139  13:56  Robotics Bay  
  139  14:01  Dark Templar  
  139  14:02  Dark Templar x2  
Tags
 
Composition
Carriers
Matchup
PvP
Replay Pack
Multiplayer
Spawn Locations
Cross Positions
Add a new tag
Caveats
  • Supply blocks, unpowered buildings, or Contaminate may cause inaccurate times.
  • Supply counts are checked every 10 seconds.